 Dungeon Crawl Stone Soup version 0.27-a0-1046-g98bf31544f (webtiles) character file.

Game seed: 1553355746860193763

28 nightchill the Skirmisher (level 3, -3/33 HPs)
             Began as a Hill Orc Fighter on Apr 19, 2021.
             Slain by a gnoll
             ... wielding a +0 spear
              (4 damage)
             ... on level 2 of the Dungeon.
             The game lasted 00:01:14 (1369 turns).

nightchill the Skirmisher (Hill Orc Fighter)        Turns: 1369, Time: 00:01:14

Health: -3/33      AC:  5    Str: 18    XL:     3   Next: 12%
Magic:  3/3        EV:  8    Int:  9    God:
Gold:   38         SH:  9    Dex: 10    Spells: 2/2 levels left

rFire    . . .     SeeInvis .   a - +0 war axe
rCold    . . .     Faith    .   c - +0 kite shield
rNeg     . . .     Spirit   .   j - +0 ring mail
rPois    .         Reflect  .   (no helmet)
rElec    .         Harm     .   (no cloak)
rCorr    .         Rampage  .   (no gloves)
Will     .....                  (no boots)
Stlth    ..........             (no amulet)
HPRegen  0.11/turn              (no ring)
MPRegen  0.08/turn              (no ring)

@: no status effects
A: no striking features
a: no special abilities


You were on level 2 of the Dungeon.
You visited 1 branch of the dungeon, and saw 2 of its levels.

You collected 38 gold pieces.

Inventory:

Hand Weapons
 a - a +0 war axe (weapon)
Armour
 b - a +0 scale mail
 c - a +0 kite shield (worn)
 j - a +0 ring mail (worn)
Jewellery
 g - an amulet of magic regeneration
Wands
 k - a wand of iceblast (4)
Scrolls
 i - 2 scrolls of amnesia {unknown}
 l - a scroll of teleportation {unknown}
 m - a scroll of vulnerability {unknown}
Potions
 d - a potion of might
 e - 2 potions of curing {unknown}
 f - a potion of attraction {unknown}
 h - a potion of degeneration {unknown}


   Skills:
 + Level 4.1 Fighting
 * Level 4.1 Axes
 - Level 3.2 Armour
 - Level 3.2 Shields


You had 2 spell levels left.
You didn't know any spells.
Your spell library was empty.

Dungeon Overview and Level Annotations

Branches:
Dungeon (2/15)

Altars:


Message History

The gnoll picks up a scroll labelled WIYD OGHONURU.
A gnoll is nearby!
A gnoll is nearby!
A gnoll comes into view. It is wielding a +0 club.
The gnoll shouts!
A gnoll comes into view. It is wielding a +0 spear.
The gnoll shouts!
You slash the gnoll!
The gnoll is heavily wounded.
The gnoll hits you from afar with a +0 spear.
The gnoll closely misses you. The gnoll barely misses you. x2
A gnoll comes into view. It is wielding a +0 whip.
Your shield prevents you from hitting the gnoll.
The gnoll is heavily wounded.
The gnoll hits you from afar with a +0 spear.
The gnoll hits you but does no damage. You block the gnoll's attack.
You hit the gnoll.
The gnoll is severely wounded.
The gnoll barely misses you. You block the gnoll's attack.
The gnoll hits you but does no damage.
The gnoll hits you from afar with a +0 spear.
You block the gnoll's attack.
The gnoll hits you from afar with a +0 spear.
You are too injured to fight recklessly!
The gnoll hits you with a +0 club.
* * * LOW HITPOINT WARNING * * *
You are too injured to fight recklessly!
You are too injured to fight recklessly!
You hit the gnoll.
The gnoll is severely wounded.
The gnoll hits you with a +0 club!
* * * LOW HITPOINT WARNING * * *
You hit the gnoll.
You kill the gnoll!
The gnoll hits you from afar with a +0 spear.
* * * LOW HITPOINT WARNING * * *
The gnoll hits you from afar with a +0 spear.
* * * LOW HITPOINT WARNING * * *
The gnoll hits you from afar with a +0 spear.
You die...

######### #.......#
#############.......#
....................####
.######.#####...........
........# #.......####
.######.#####.......#
#.#...........#
#@#.#####.##### ##.#######)#
#.# #......g.gg# #.#
.........g.g...#####.#######
.##.########...............#
# #########.#####.# #.# #.#
###########.#


You could see 3 gnolls.

Vanquished Creatures
  A gnoll (D:2)
  A worm (D:2)
  A ball python (D:1)
  5 endoplasms
  A giant cockroach (D:2)
  A goblin (D:1)
  A hobgoblin (D:1)
  5 quokkas (D:1)
  2 bats (D:1)
  2 frilled lizards
  A kobold (D:1)
  2 rats
23 creatures vanquished.

Vanquished Creatures (others)
  2 plants (D:1)
2 creatures vanquished.

Grand Total: 25 creatures vanquished

Notes
Turn   | Place    | Note
-------+----------+-------------------------------------------
     0 | D:1      | nightchill the Hill Orc Fighter began the quest for the
                  | Orb.
     0 | D:1      | Reached XP level 1. HP: 19/19 MP: 1/1
   408 | D:1      | Reached XP level 2. HP: 25/27 MP: 2/2
   581 | D:1      | Found a faded altar of an unknown god.
  1161 | D:2      | Reached XP level 3. HP: 33/33 MP: 3/3
  1369 | D:2      | HP: 1/33 [gnoll/+0 spear (5)]
  1369 | D:2      | Slain by a gnoll

Illustrated notes

Levels and vault maps discovered:
D:1:      elethiomel_arrival_quiet, layout_basic,
          hellmonk_ecumenical_altar_blasted, serial_bayou, serial_bayou_shore_b,
          serial_bayou_ford_a, serial_bayou_lake_a, serial_bayou_crossing
D:2:      layout_loops_ring, minivault_23

Skill      XL: |  1  2 |
---------------+-------+-----
Axes           | 3 4 |  4.1
Fighting       | 4 |  4.1
Armour         | |  3.2
Shields        | |  3.2

Action                   || total
-------------------------++-------
Melee: War axe           ||    68
Armor: Scale mail        ||    31
       Ring mail         ||     5
Dodge: Dodged            ||    23
Block: Kite shield       ||    38

Table legend: (Time is in decaauts)
 A = Elapsed time spent in this place.
 B = Non-inter-level travel time spent in this place.
 C = Inter-level travel time spent in this place.
 D = Time resting spent in this place.
 E = Time spent auto-exploring this place.
 F = Levels seen in this place.
 G = Mean time per level.
                   A        B        C        D        E       F      G
               +--------+--------+--------+--------+--------+-----+--------+
         Total |   1472 |   1442 |     30 |     93 |   1123 |   2 |  736.0 |
       Dungeon |   1472 |   1442 |     30 |     93 |   1123 |   2 |  736.0 |
               +--------+--------+--------+--------+--------+-----+--------+

Top non-repeatable levels by time:
     D:1: 1229 daAuts
     D:2: 243 daAuts
